 Dungeon Sprint DCSS version 0.31-a0-435-g2c6fae2916 (webtiles) character file.

Game seed: 14162273137815177695

163 rocky1 the Ruffian (level 5, -2/37 HPs)
             Began as a Demonspawn Shapeshifter on Aug 2, 2023.
             Was an Initiate of Gozag.
             Slain by an iguana (7 damage)
             ... in the Dungeon (Sprint VII: "The Pits").
             The game lasted 00:01:03 (579 turns).

rocky1 the Ruffian (Demonspawn Shapeshifter)         Turns: 579, Time: 00:01:04

Health: -2/37      AC:  9    Str: 15    XL:     5   Next: 20%
Magic:  5/5        EV: 10    Int: 11    God:    Gozag
Gold:   468        SH:  0    Dex: 14    Spells: 4/4 levels left

rFire   . .          .
                       - Unarmed
rCold   . . .        (no shield)
rNeg    . . .        m - +3 scale mail
rPois   .            (helmet currently unavailable)
rElec   .            (cloak currently unavailable)
rCorr   .            (gloves currently unavailable)
SInv    .            (boots currently unavailable)
Will    .....        (no amulet) Stlth
                     (no ring)
HPRegen 0.26/turn    (no ring)
MPRegen 0.09/turn

%: no teleportation
@: beast-form, gold aura
A: beast (slay +4), claws 1, weakness stinger 2
a: Begin Untransformation, Renounce Religion, Potion Petition, Call Merchant,
Bribe Branch


You were in the Dungeon.
You worshipped Gozag.
Gozag was aware of your devotion.
You were a hulking beast.
You visited 1 branch You collected 468 gold pieces.

Inventory:

Armour
 a - a +0 animal skin
 m - a +3 scale mail (worn)
Talismans
 c - a beast talisman (active)
Scrolls
 i - a scroll of blinking
 k - 5 scrolls of amnesia
 l - a scroll of butterflies
Potions
 b - a potion of lignification
 d - 6 potions of curing
 e - 6 potions of heal wounds
 f - a potion of haste
 g - 4 potions of magic
 h - 2 potions of berserk rage
 j - 2 potions of invisibility


   Skills:
 + Level 1.4 Fighting
 + Level 3.4 Dodging
 + Level 0.4 Stealth
 + Level 6.4 Unarmed Combat
 + Level 6.4 Shapeshifting


You had 4 spell levels left.
You didn't know any spells.
Your spell library was empty.

Dungeon Overview and Level Annotations

Branches:
Dungeon (1/1)

Altars:
Ashenzari
Cheibriados
Dithmenos
Fedhas
Gozag
Hepliaklqana
Kikubaaqudgha
Makhleb
Nemelex Xobeh
Okawaru
Qazlal
Ru
Sif Muna
Trog
Uskayaw
Vehumet
Wu Jian
Xom
Yredelemnul
Jiyva
Lugonu


Innate Abilities, Weirdness & Mutations

You are a hulking beast.
Your limbs bulge with bestial killing power. (Slay +4)
You have sharp fingernails.
You have a tail ending in a sharp stinger.


Message History

There is an open door here.
There is an open door here.
There is an open door here.
There is an open door here.
You open the door.
There is an open door here.
You open the door. 2 iguanas come into view.
The iguana hisses angrily. x2
There is an open door here.
There is an open door here.
You closely miss the iguana.
The iguana bites you but does no damage.
You closely miss the iguana. The iguana bites you!
You claw the iguana!
The iguana is almost dead.
The iguana bites you!
You scratch the iguana.
You kill the iguana!
You scratch the iguana but do no damage.
You closely miss the iguana. The iguana bites you!
You scratch the iguana.
The iguana is moderately wounded.
The iguana closely misses you.
You closely miss the iguana.
The iguana is moderately wounded.
The iguana bites you.
* * * LOW HITPOINT WARNING * * *
You scratch the iguana but do no damage.
The iguana is moderately wounded.
The iguana barely misses you.
You scratch the iguana.
The iguana is heavily wounded.
The iguana bites you.
* * * LOW HITPOINT WARNING * * *
You scratch the iguana. You tail-slap the iguana.
The iguana is almost dead.
The iguana bites you!
You die...
Your body crumbles into a pile of gold.

#...........'.....
#'#####'#####.....
#.#..#..#.[##.....
#.#..'..#))#####'#
#.#..####))##.....
#.#..#..#))##.....
#.#..#..#..##.....
#.##'#..#'###...<.
#h#........##.....
#l#........##.....
#'###########.....
#...l...# ######
#.###...# #.# .#
#.# #.. #..


You could see an iguana.

Vanquished Creatures
  A necrophage (D)
  A scorpion (D)
  An iguana (D)
  A river rat (D)
  An ufetubus (D)
  2 bats (D)
  An endoplasm (D)
  2 hobgoblins (D)
  A ball python (D)
11 creatures vanquished.

Notes
Turn   | Place    | Note
-------+----------+-------------------------------------------
     0 | D        | rocky1 the Demonspawn Shapeshifter began the quest for the
                  | Orb.
     0 | D        | Reached XP level 1. HP: 15/15 MP: 1/1
   143 | D        | Found a bloodstained altar of Trog.
   143 | D        | Found a shimmering blue altar of Sif Muna.
   143 | D        | Found a viscous altar of Jiyva.
   143 | D        | Found a hazy altar of Hepliaklqana.
   143 | D        | Found an opulent altar of Gozag.
   144 | D        | Found a basalt altar of Yredelemnul.
   144 | D        | Found a shimmering altar of Xom.
   144 | D        | Found an ornate altar of the Wu Jian Council.
   144 | D        | Found a sacrificial altar of Ru.
   144 | D        | Found a stormy altar of Qazlal.
   144 | D        | Found an iron altar of Okawaru.
   144 | D        | Found a sparkling altar of Nemelex Xobeh.
   144 | D        | Found a burning altar of Makhleb.
   144 | D        | Found a blossoming altar of Fedhas.
   144 | D        | Found a shadowy altar of Dithmenos.
   144 | D        | Found a snail-covered altar of Cheibriados.
   146 | D        | Found a radiant altar of Vehumet.
   146 | D        | Found a corrupted altar of Lugonu.
   147 | D        | Found a hide-covered altar of Uskayaw.
   147 | D        | Found an ancient bone altar of Kikubaaqudgha.
   147 | D        | Found a broken altar of Ashenzari.
   151 | D        | Became a worshipper of Gozag Ym Sagoz the Greedy
   182 | D        | Noticed a scorpion
   188 | D        | Killed a scorpion
   189 | D        | Reached skill level 5 in Shapeshifting
   189 | D        | Discovered your monstrous ancestry.
   189 | D        | Gained mutation: You have a small tail. [demonic ancestry]
   189 | D        | Reached XP level 2. HP: 21/21 MP: 2/2
   189 | D        | Gained mutation: You have a tail ending in a sharp stinger.
                  | [demonic ancestry]
   189 | D        | Reached XP level 3. HP: 26/26 MP: 3/3
   344 | D        | Reached skill level 5 in Unarmed Combat
   344 | D        | Gained mutation: You have sharp fingernails. [demonic
                  | ancestry]
   344 | D        | Reached XP level 4. HP: 24/32 MP: 4/4
   487 | D        | Noticed a necrophage
   494 | D        | Killed a necrophage
   495 | D        | Reached XP level 5. HP: 32/37 MP: 5/5
   579 | D        | Slain by an iguana

Illustrated notes

Levels and vault maps discovered:
D:        pitsprint [storerooms_1, entrance_room_1, metal_vault_7, armoury_3,
          mini_pit_1, grid_room_1, main_hall_1, silver_pit, the_coven_3,
          the_vestibule_1, steel_vault_1, golden_pit, hallway_of_sentries,
          crystal_vault_2, iron_vault_2, final_vault]

Skill      XL: |  1  2  3  4 |
---------------+-------------+-----
Shapeshifting  | 5 6 |  6.4
Dodging        | 2 3 |  3.4
Unarmed Combat | 4 5 6 |  6.4
Fighting       | |  1.4
Stealth        | |  0.4

Action                     |  1- 3 |  4- 6 || total
---------------------------+-------+-------++-------
  Melee: Unarmed           |    19 |    20 ||    39
         Punch             |     1 |       ||     1
         Tailslap          |       |     3 ||     3
    Use: Potion            |     1 |       ||     1
 Armour: Animal skin       |     2 |       ||     2
         Scale mail        |       |     1 ||     1
  Dodge: Dodged            |    10 |     5 ||    15

Table legend: (Time is in decaauts)
 A = Elapsed time spent in this place.
 B = Non-inter-level travel time spent in this place.
 C = Inter-level travel time spent in this place.
 D = Time resting spent in this place.
 E = Time spent auto-exploring this place.
 F = Levels seen in this place.
 G = Mean time per level.
                   A        B        C        D        E       F      G
               +--------+--------+--------+--------+--------+-----+--------+
         Total |    585 |    559 |     26 |    396 |      0 |   1 |  585.0 |
       Dungeon |    585 |    559 |     26 |    396 |      0 |   1 |  585.0 |
               +--------+--------+--------+--------+--------+-----+--------+

Top non-repeatable levels by time:
       D: 585 daAuts
